 Seeded DCSS version 0.30.1-9-gdf580d7c3d (webtiles) character file.

Game seed: 9106806156630997546 (custom seed)

79 Psyclone the Conjurer (level 4, -12/24 HPs)
             Began as a Deep Elf Conjurer on Sept 25, 2023.
             Mangled by Crazy Yiuf
             ... wielding a +3 quarterstaff of chaos
              (15 damage)
             ... on level 2 of the Dungeon.
             The game lasted 00:03:52 (1762 turns).

Psyclone the Conjurer (Deep Elf Conjurer)           Turns: 1762, Time: 00:03:52

Health: -12/24     AC:  2    Str:  4    XL:     4   Next: 17%
Magic:  9/12       EV: 12    Int: 25    God:
Gold:   92         SH:  0    Dex: 13    Spells: 8/11 levels left

rFire   . . .        p - +3 club (spect)
rCold   . . .        (no shield)
rNeg    . . .        a - +0 robe
rPois   .            (no helmet)
rElec   .            (no cloak)
rCorr   .            (no gloves)
SInv    .            (no boots)
Will    .....        (no amulet)
Stlth   ++           (no ring)
HPRegen 0.24/turn    (no ring)
MPRegen 0.13/turn

%: no passive effects
@: no status effects
A: no striking features
a: no special abilities


You were on level 2 of the Dungeon.
You visited 1 branch of the dungeon, and saw 2 of its levels.

You collected 92 gold pieces.

Inventory:

Hand Weapons
 p - a +3 spectral club (weapon)
Armour
 a - a +0 robe (worn)
Jewellery
 i - a ring of poison resistance
Scrolls
 c - a scroll of teleportation {unknown}
 d - a scroll of blinking {unknown}
 j - a scroll of noise {unknown}
 n - 2 scrolls of enchant armour {unknown}
 o - a scroll of poison {unknown}
Potions
 b - a potion of magic
 e - 4 potions of curing {unknown}
 f - a potion of berserk rage {unknown}
 g - 4 potions of brilliance {unknown}
 h - a potion of lignification {unknown}
 k - 2 potions of attraction {unknown}
 l - 2 potions of might {unknown}
 m - a potion of haste {unknown}


   Skills:
 - Level 2.4 Dodging
 - Level 2.4 Stealth
 - Level 4.0 Spellcasting
 + Level 4.6 Conjurations
 + Level 4.0 Hexes


You had 8 spell levels left.
You knew the following spells:

 Your Spells              Type           Power      Damage    Failure   Level
a - Magic Dart            Conj           100%       1d8       1%          1
b - Searing Ray           Conj           56%        2d6       1%          2

Your spell library contained the following spells:

 Spells                   Type           Power      Damage    Failure   Level
 Dazzling Flash           Conj/Hex       52%        N/A       4%          3
 Scorch                   Fire           10%        2d5       14%         2
 Fulminant Prism          Conj/Hex       13%        3d8       16%         4
 Flame Wave               Conj/Fire      16%        2d7       34%         4
 Iskenderun's Mystic Bla  Conj/Tloc      16%        2d5       34%         4
 Summon Cactus Giant      Summ           2%         N/A       100%        6


Dungeon Overview and Level Annotations

Branches:
Dungeon (2/15) Zot: 10237

Altars:
Qazlal

Shops:
D:1 =

Annotations:
D:2 Crazy Yiuf


Message History

The magic dart hits Jessica.
You kill Jessica!
Training target 4.0 for Spellcasting reached!
Your Spellcasting skill increases to level 4!
You need to enable at least one skill for training.
You have reached level 4!
You feel clever.
Health restored: 24
Found 8 gold pieces.
Found a murky pink potion.
Things that are here:
a +3 spectral club; a +0 robe
p - a +3 spectral club You feel a bond with your +3 spectral club.
p - a +3 spectral club (weapon)
e - 4 murky pink potions (gained 1)
You now have 92 gold pieces (gained 8).
Found three hammers.
Found a runed translucent door.
MP restored: 12 Crazy Yiuf shouts!
Found two hammers.
Crazy Yiuf says, "I'm not crazy!"
You see here a +0 hammer.
You open the door.
Casting: Magic Dart (safe; 1% risk of failure)
Confirm with . or Enter, or press ? or * to list all spells.
Aiming: Searing Ray (safe; 1% risk of failure)
Press: ? - help, Shift-Dir - straight line, f - Crazy Yiuf
Aim: Crazy Yiuf, wielding a +3 quarterstaff of chaos and wearing a +0 cloak (82% to hit)
The searing ray misses Crazy Yiuf. (Press . to maintain the ray.) Crazy Yiuf hits you with a +3 quarterstaff of chaos!
Ouch! That really hurt!
You are electrocuted!
* * * LOW HITPOINT WARNING * * *
You take 21 damage, and have 3/24 hp.
MASSIVE DAMAGE!!
You now have 10/12 mp.
The searing ray hits Crazy Yiuf.
Crazy Yiuf is lightly wounded.
Crazy Yiuf hits you with a +3 quarterstaff of chaos!
Ouch! That really hurt!
You die...

#####..(.#######
...#..#### )#...##
[#.### ##.# ...#
###♣♣♣♣♣ ####
##....♣.♣♣♣ ### #
##...♣..♣..♣#).)#
##....PP♣♣♣♣@g...#
##......♣♣ ♣♣#)))#
#..####♣♣ ###
####.## .....###
.......##########
................#
.._..########...#
.....# #...#


You could see Crazy Yiuf.

Vanquished Creatures
  Jessica (D:2)
  Robin (D:2)
  A worm (D:2)
  A dart slug (D:2)
  3 ball pythons
  3 bats (D:1)
  2 endoplasms
  A giant cockroach (D:2)
  12 goblins
  3 jackals (D:2)
  5 kobolds
  2 frilled lizards (D:1)
  A rat (D:1)
36 creatures vanquished.

Notes
Turn   | Place    | Note
-------+----------+-------------------------------------------
     0 | D:1      | Psyclone the Deep Elf Conjurer began the quest for the Orb.
     0 | D:1      | Reached XP level 1. HP: 10/10 MP: 6/6
   202 | D:1      | Reached skill level 1 in Hexes
   324 | D:1      | Reached XP level 2. HP: 15/15 MP: 1/8
   327 | D:1      | Learned a level 2 spell: Searing Ray
   385 | D:1      | Found Cetaas's Jewellery Emporium.
   779 | D:2      | Found a stormy altar of Qazlal.
  1191 | D:2      | Noticed Robin
  1205 | D:2      | Reached XP level 3. HP: 18/19 MP: 6/9
  1211 | D:2      | Killed Robin
  1603 | D:2      | Noticed Jessica
  1608 | D:2      | Killed Jessica
  1609 | D:2      | Reached XP level 4. HP: 24/24 MP: 6/12
  1756 | D:2      | Found a runed translucent door.
  1757 | D:2      | Noticed Crazy Yiuf
  1762 | D:2      | Mangled by Crazy Yiuf

Illustrated notes

Levels and vault maps discovered:
D:1:      onia_arrival_mini_spirals, layout_loops_ring, serial_shops, shop
D:2:      layout_rooms, basic_altar, reono_crystal_passage, minmay_tetromino_l2,
          uniq_robin, uniq_jessica, uniq_crazy_yiuf_cottage

Skill      XL: |  1  2  3 |
---------------+----------+-----
Hexes          | 1 3 4 |  4.0
Spellcasting   | 4 |  4.0
Dodging        | |  2.4
Stealth        | |  2.4
Conjurations   | |  4.6

Action                     |  1- 3 |  4- 6 || total
---------------------------+-------+-------++-------
  Melee: Unarmed           |     4 |       ||     4
   Cast: Magic Dart        |    67 |       ||    67
         Searing Ray       |     1 |     1 ||     2
 Armour: Robe              |     6 |       ||     6
  Dodge: Dodged            |    19 |       ||    19
